 Dungeon Crawl Stone Soup version 0.31-a0-867-g9b2fd80f0c (webtiles) character file.

Game seed: 11224300007056413674

226 BinkBink the Chopper (level 5, -6/48 HPs)
             Began as a Minotaur Monk on Oct 11, 2023.
             Was an Initiate of Gozag.
             Mangled by a hornet (7 damage)
             ... while paralysed by a hornet
             ... on level 3 of the Dungeon.
             The game lasted 00:02:42 (3001 turns).

BinkBink the Chopper (Minotaur Monk)                Turns: 3001, Time: 00:02:45

Health: -6/48      AC:  2    Str: 15 (17) XL:     5   Next: 69%
Magic:  4/4        EV:  2    Int:  4 (7)  God:    Gozag
Gold:   246        SH:  0    Dex: 11 (13) Spells: 4/4 levels left

rFire   . . .        a - +0 hand axe
rCold   . . .        d - orb {light}
rNeg    . . .        b - +0 robe
rPois   .            (helmet restricted)
rElec   .            (no cloak)
rCorr   .            (no gloves)
SInv    .            (no boots)
Will    .....        (no amulet)
Stlth   +            (no ring)
HPRegen 0.28/turn    (no ring)
MPRegen 0.09/turn

%: no passive effects
@: confused, paralysed, lethally poisoned (-6 -> -12), ambrosia-drunk, slowed,
glowing
A: horns 2, retaliatory headbutt
a: Renounce Religion, Potion Petition, Call Merchant, Bribe Branch


You were on level 3 of the Dungeon.
You worshipped Gozag.
Gozag was aware of your devotion.
You visited 1 branch of the dungeon, and saw 4 of its levels.

You collected 246 gold pieces.

Inventory:

Hand Weapons
 a - a +0 hand axe (weapon)
Armour
 b - a +0 robe (worn)
 d - an orb of light (worn)
Jewellery
 r - an amulet of magic regeneration
 v - an amulet of regeneration
Scrolls
 f - a scroll of butterflies {unknown}
 h - 4 scrolls of identify {unknown}
 k - 3 scrolls of teleportation {unknown}
 l - a scroll of blinking {unknown}
 o - a scroll of silence {unknown}
 s - a scroll of revelation {unknown}
 t - a scroll of poison {unknown}
 u - a scroll of immolation {unknown}
 x - a scroll of torment {unknown}
Potions
 e - a potion of resistance {unknown}
 g - a potion of degeneration
 i - 2 potions of curing
 j - a potion of heal wounds {unknown}
 m - a potion of enlightenment {unknown}
 n - a potion of haste {unknown}
 p - a potion of lignification {unknown}
 q - 2 potions of brilliance {unknown}
 w - a potion of might {unknown}


   Skills:
 + Level 5.0 Fighting
 * Level 6.1 Axes
 + Level 4.5 Dodging


You had 4 spell levels left.
You didn't know any spells.
Your spell library contained the following spells:

 Spells                   Type           Power      Damage    Failure   Level
 Slow                     Hex            0%         N/A       50%         1
 Poisonous Vapours        Pois/Air       0%         N/A       65%         2
 Call Canine Familiar     Summ           0%         N/A       86%         3
 Confusing Touch          Hex            0%         N/A       86%         3
 Dazzling Flash           Conj/Hex       0%         N/A       86%         3
 Mephitic Cloud           Conj/Pois/Air  0%         N/A       86%         3
 Sigil of Binding         Hex            0%         N/A       86%         3
 Vampiric Draining        Necr           0%         2d6       86%         3
 Volatile Blastmotes      Fire/Tloc      0%         2d10      86%         3
 Dimensional Bullseye     Hex/Tloc       0%         N/A       99%         4
 Leda's Liquefaction      Hex/Erth       0%         N/A       99%         4
 Freezing Cloud           Conj/Ice/Air   0%         6-21      100%        5
 Starburst                Conj/Fire      0%         6d3       100%        6
 Maxwell's Capacitive Co  Air            0%         ∞         100%        8


Dungeon Overview and Level Annotations

Branches:
Dungeon (4/15)
 Temple: D:4-7

Altars:
Cheibriados
Gozag
Nemelex Xobeh
Vehumet
Xom

Annotations:
D:3 exclusion: statue


Innate Abilities, Weirdness & Mutations

You have a pair of horns on your head.
You reflexively headbutt those who attack you in melee.


Message History

You feel as though you will be slow longer.
You feel very sick.
The goblin is distracted by your dazzling golden aura.
The hornet stings you.
You feel as though you will be slow longer.
There is a stone staircase leading up here.
You feel very sick. The hornet closely misses you. You furiously retaliate!
You headbutt the hornet! The hornet misses you.
You climb upwards.
Level annotation: exclusion: statue You feel very sick.
There is a stone staircase leading down here.
It was a potion of curing.
You feel better. The hornet stings you.
You feel as though you will be slow longer.
The hornet barely misses you. x2; You furiously retaliate!
You headbutt the hornet!
It was a potion of degeneration.
There was something very wrong with that liquid.
You feel weakened.
You feel dopey.
You feel clumsy. The hornet barely misses you. The hornet stings you.
You are poisoned.
You feel as though you will be slow longer.
You feel better. The hornet stings you.
You feel as though you will be slow longer.
The hornet closely misses you. You furiously retaliate!
You headbutt the hornet.
You are confused.
You feel invigorated. The hornet stings you.
You suddenly lose the ability to move!
The hornet stings you.
* * * LOW HITPOINT WARNING * * *
You are poisoned.
You feel as though you will be slow longer.
You feel very sick. The hornet stings you!
* * * LOW HITPOINT WARNING * * *
You feel as though you will be slow longer.
The hornet stings you!
You die...
Your body crumbles into a pile of gold.

....###..........................
.....##..........................
.....##.......)..................
.....##..........................
.....##.......[..................
.....##.......#.##.#.............
.....##.........##...............
.....##.......##..##.............
#######.......##@.##.............
#........y##...............
#.......#.##.#.............
#..........................
#######..........................
#.....#..........................
#.....#...[......................
.................................
#.....#..........................


You could see a hornet.

Vanquished Creatures
  A scorpion (D:4)
  A hound (D:4)
  Terence (D:3)
  A gnoll (D:1)
  4 adders
  2 worms
  A dart slug (D:3)
  3 endoplasms
  A giant cockroach (D:3)
  8 hobgoblins
  4 jackals (D:2)
  2 quokkas (D:2)
  6 ball pythons
  5 bats
  7 goblins
  7 kobolds
  5 rats
59 creatures vanquished.

Notes
Turn   | Place    | Note
-------+----------+-------------------------------------------
     0 | D:1      | BinkBink the Minotaur Monk began the quest for the Orb.
     0 | D:1      | Reached XP level 1. HP: 19/19 MP: 0/0
   235 | D:1      | Reached skill level 4 in Axes
   241 | D:1      | Reached XP level 2. HP: 19/27 MP: 1/1
   312 | D:1      | You fall into a shaft and drop 1 floor!
   865 | D:1      | Reached XP level 3. HP: 33/33 MP: 2/2
  1726 | D:3      | Reached XP level 4. HP: 34/40 MP: 3/3
  1759 | D:3      | Found an opulent altar of Gozag.
  1789 | D:3      | Reached skill level 5 in Axes
  1790 | D:3      | Noticed Terence
  1804 | D:3      | Killed Terence
  1814 | D:3      | Became a worshipper of Gozag Ym Sagoz the Greedy
  2112 | D:3      | Found a sparkling altar of Nemelex Xobeh.
  2336 | D:3      | Found a shimmering altar of Xom.
  2431 | D:3      | Found a radiant altar of Vehumet.
  2433 | D:3      | Noticed a frost-covered statue
  2649 | D:4      | Noticed a scorpion
  2656 | D:4      | Killed a scorpion
  2657 | D:4      | Reached XP level 5. HP: 17/47 MP: 4/4
  2848 | D:4      | Found a snail-covered altar of Cheibriados.
  2972 | D:4      | Reached skill level 5 in Fighting
  2972 | D:4      | Reached skill level 6 in Axes
  2985 | D:4      | Noticed a hornet
  3000 | D:3      | Paralysed by a hornet for 3 turns
  3001 | D:3      | HP: 1/48 [hornet (13)]
  3001 | D:3      | Mangled by a hornet

Illustrated notes

Levels and vault maps discovered:
D:1:      dpeg_arrival_tiny_d, layout_basic
D:2:      layout_basic
D:3:      layout_basic, mainiacjoe_overflow_cross_hatched,
          mainiacjoe_overflow_alcove_1, mainiacjoe_overflow_tiny_flanked,
          vehumet_statue, st_stairs_7, serial_bayou_lake_a, uniq_terence
D:4:      layout_cave_pools, slow_altar_1

Skill      XL: |  1  2  3  4  5 |
---------------+----------------+-----
Axes           | 4 5 6 |  6.1
Fighting       | 4 5 |  5.0
Dodging        | 4 |  4.5

Action                     |  1- 3 |  4- 6 || total
---------------------------+-------+-------++-------
  Melee: Hand axe          |    61 |    51 ||   112
         Headbutt          |     5 |    15 ||    20
    Use: Potion            |       |     4 ||     4
 Armour: Robe              |    34 |    35 ||    69
  Dodge: Dodged            |    48 |    48 ||    96

Table legend: (Time is in decaauts)
 A = Elapsed time spent in this place.
 B = Non-inter-level travel time spent in this place.
 C = Inter-level travel time spent in this place.
 D = Time resting spent in this place.
 E = Time spent auto-exploring this place.
 F = Levels seen in this place.
 G = Mean time per level.
                   A        B        C        D        E       F      G
               +--------+--------+--------+--------+--------+-----+--------+
         Total |   3040 |   2981 |     59 |    201 |   2426 |   4 |  760.0 |
       Dungeon |   3040 |   2981 |     59 |    201 |   2426 |   4 |  760.0 |
               +--------+--------+--------+--------+--------+-----+--------+

Top non-repeatable levels by time:
     D:1: 1150 daAuts
     D:3: 1016 daAuts
     D:2: 514 daAuts
     D:4: 358 daAuts
